Cogmind - Beta 15 @@@ ROGUE MODE // 2025.05.27 @ 13:06:45 Player: Windjigo Result: Destroyed by B-75 Beast with Heavy Plasma Cannon Performance ------------- Evolutions (5) 2500 Regions Visited (6) 1200 Robots Destroyed (46) 230 Value Destroyed (1183) 1183 Prototype IDs (17) 340 Alien Tech Used (0) 0 Bonus (530) 530 TOTAL SCORE: 5983 Bonus ------- High Alert Combat Kills 30 Entered Garrisons 200 Registered with UFD 300 Cogmind --------- Core Integrity 0/1000 Matter 278/300 Energy 85/100 System Corruption 12% Temperature Cool (12) Movement Flying (35) Location -5/Garrison Parts ------- > --- POWER (1) -------- (None) > --- PROPULSION (3) --- VTOL Module > --- UTILITY (10) ----- (None) > --- WEAPON (3) ------- (None) > --- INVENTORY (5) ---- Advanced Heat Sink High-capacity Storage Unit Matter Compressor (250) Reaction Control System Authchip [R/Combat] Peak State ------------ > --- POWER ------------ Deuterium Engine > --- PROPULSION ------- Overtuned Huge Scrapsphere Overtuned Huge Scrapsphere > --- UTILITY ---------- Scrap Suit Large Storage Unit Experimental Sensor Array Melee Analysis Suite Improved Melee Analysis Suite Core Analyzer Hardened Heavy Armor Plating Tower Shield Hacking Suite > --- WEAPON ----------- Makeshift Hammer Ripper Makeshift Axe Great Axe > --- INVENTORY -------- Light Angular Momentum Engine Carbon-fiber Leg Compact Wheel Advanced Heat Sink Advanced Heat Sink Medium Battery Matter Compressor Reaction Control System Medium Reactive Plating Improved Thermal Shield Tesla Rifle [Rating: 107] Favorites ----------- Power Improved Deuterium Engine Engine Improved Deuterium Engine Propulsion Carbon-fiber Leg Treads Advanced Treads Leg Carbon-fiber Leg Wheel Wheel Flight Unit VTOL Module Utility Hacking Suite Device Scrap Suit Storage Large Storage Unit Processor Melee Analysis Suite Hackware Hacking Suite Protection Light Armor Plating Weapon Ripper Energy Gun Medium Laser Energy Cannon Beam Cannon Ballistic Gun Minigun Ballistic Cannon Battle Cannon Launcher Grenade Launcher Impact Weapon Makeshift Hammer Slashing Weapon Ripper Build | -11 -10 -10 -7 -7 -5 -5 ------- Run | Yrd Mat Sub Rec Scr Fac Gar Slots Evolved 10 | . . . . . 10 . Power . | . . . . . . . Propulsion 1 | . . . . . 1 . Utility 8 | . . . . . 8 . Weapon 1 | . . . . . 1 . Parts Attached 58 | 8 9 3 13 7 10 8 Power 5 | 1 1 . 1 1 . 1 Engine 5 | 1 1 . 1 1 . 1 Core . | . . . . . . . Reactor . | . . . . . . . Propulsion 18 | 2 3 . 5 3 1 4 Treads 5 | . . . 5 . . . Leg 2 | . . . . 2 . . Wheel 10 | 2 3 . . 1 1 3 Hover . | . . . . . . . Flight 1 | . . . . . . 1 Utility 17 | 2 3 . 2 1 7 2 Device 4 | 1 . . . . 2 1 Storage 4 | 1 1 . 1 1 . . Processor 3 | . . . . . 3 . Hackware 1 | . . . 1 . . . Protection 5 | . 2 . . . 2 1 Artifact . | . . . . . . . Weapon 18 | 3 2 3 5 2 2 1 Energy Gun 2 | 1 . . . . . 1 Energy Cannon 2 | . 1 . 1 . . . Ballistic Gun 7 | 2 . 1 4 . . . Ballistic Cannon 2 | . 1 1 . . . . Launcher 1 | . . 1 . . . . Special Weapon . | . . . . . . . Impact Weapon 1 | . . . . . 1 . Slashing Weapon 3 | . . . . 2 1 . Piercing Weapon . | . . . . . . . Special Melee Weapon . | . . . . . . . Unidentified Prototypes . | . . . . . . . Parts Lost 21 | . . . 2 . . 19 Power 2 | . . . . . . 2 Propulsion 7 | . . . 2 . . 5 Utility 8 | . . . . . . 8 Weapon 4 | . . . . . . 4 Highest Loss Streak 17 | . . . 2 . . 17 To Critical Strikes 1 | . . . . . . 1 Average Backups 11 | 2 8 9 10 13 3 10 Power . | 1 1 1 1 . . . Propulsion 1 | . 1 1 2 1 . 1 Utility 5 | . 2 3 3 6 3 6 Weapon 3 | . 3 3 3 4 . 1 Tool/Special . | . . . . . . . Unused Backups 32 | . 6 6 3 9 . 8 Power 7 | . 4 1 1 1 . . Propulsion 3 | . 1 . . 1 . 1 Utility 14 | . 1 3 . 3 . 7 Weapon 7 | . . 2 1 4 . . Tool/Special 1 | . . . 1 . . . Average Slot Usage (%) 95 | . 100 100 99 97 58 59 Engine 13 | . 14 14 14 14 4 3 Treads 6 | . . . 26 . . . Leg 10 | . . . . 23 . . Wheel 8 | . 28 28 1 1 7 8 Device 1 | . 6 . . . 6 7 Storage 13 | . 14 14 14 14 4 4 Hackware 9 | . . . 13 14 4 4 Protection 3 | . 7 14 . . 6 4 Energy Cannon 1 | . 10 1 . . . . Ballistic Gun 8 | . 6 12 25 . . . Ballistic Cannon 2 | . 7 12 1 . . . Slashing Weapon 13 | . . . . 27 11 10 Peak Build Rating 107 | 7 8 12 26 35 105 107 Average Rating 26 | 5 7 10 23 28 97 65 On Entrance 27 | . 7 8 12 25 35 105 Naked Turns 2 | . . . . . . 2 Heaviest Build 105 | 12 24 25 36 37 105 105 Greatest Support 50 | 26 26 26 50 44 40 40 Greatest Overweight (x) 11 | 1 . . . 11 2 7 Average Overweight (x) . | . . . . 1 1 1 Largest Inventory Capacity 15 | 8 10 10 15 15 15 15 Average Capacity 13 | 7 9 10 12 15 15 14 Most Carried 15 | 5 10 10 15 15 15 15 Average Carried 12 | 2 8 9 11 14 3 11 Final Capacity 15 | 8 10 10 15 15 15 5 Final Carried 15 | 4 10 10 15 15 5 5 Class Distribution -------------------- 93% | Mutant 5% | Derelict-Gladiator Dominant Class ---------------- Mutant | -10/Materials Mutant | -10/Subcaves Mutant | -7/Recycling Mutant | -7/Scraptown Derelict-Gladiator | -5/Factory Derelict-Gladiator | -5/Garrison Resources | -11 -10 -10 -7 -7 -5 -5 ----------- Run | Yrd Mat Sub Rec Scr Fac Gar Matter Collected 1433 | 306 309 146 422 75 . 175 Remotely . | . . . . . . . Salvage Created 1837 | 191 336 93 300 . . 917 Parts 104 | 5 30 19 13 . . 37 Haulers Intercepted 2 | . 2 . . . . . Recyclers Shooed 1 | . 1 . . . . . Parts Field Recycled . | . . . . . . . Retrieved Matter . | . . . . . . . Parts Self-Destructed 15 | . . 15 . . . . Prevented . | . . . . . . . Kills | -11 -10 -10 -7 -7 -5 -5 ------- Run | Yrd Mat Sub Rec Scr Fac Gar Combat Hostiles Destroyed 33 | . 6 10 3 . . 14 Melee 14 | . . . . . . 14 Guns 4 | . . 2 2 . . . Cannons 8 | . 6 1 1 . . . AOE 7 | . . 7 . . . . Classes Destroyed 9 | 2 3 3 1 . . . Tunneler 6 | 5 1 . . . . . Hauler 2 | . 2 . . . . . Recycler 2 | 1 . . 1 . . . Operator 1 | . 1 . . . . . Turret 2 | . . 2 . . . . Swarmer 18 | . . 8 . . . 10 Grunt 10 | . 6 . . . . 4 Sentry 3 | . . . 3 . . . Subdweller 2 | . . 2 . . . . Best Kill Streak 6 | 3 3 4 2 . . 6 Combat Bots Only 6 | . 2 4 1 . . 6 Max Kills in Single Turn 2 | 1 1 2 1 . . 1 Gunslinging . | . . . . . . . Exploded 2 | . . 2 . . . . Melee 1 | . . . . . . 1 Uniques/NPCs Destroyed . | . . . . . . . Combat | -11 -10 -10 -7 -7 -5 -5 -------- Run | Yrd Mat Sub Rec Scr Fac Gar Hostile Shots Fired 480 | . 33 72 111 . . 264 Missed 148 | . 4 37 43 . . 64 Hits 332 | . 29 35 68 . . 200 Melee 3 | . . . . . . 3 Projectile 329 | . 29 35 68 . . 197 Critical Strikes 13 | . . 2 . . . 11 Damage Taken 4769 | . 385 306 490 . . 3588 Core 1248 | . 70 75 71 . . 1032 Absorbed by Shields . | . . . . . . . Ignored by Resistances 226 | . . . . . . 226 Regen/Repaired (Parts) 17 | . . . . . . 17 Core Remaining (%) 56 | 100 . . . 13 . . Volleys Fired 118 | 26 38 37 16 . . 1 Largest 2 | 2 2 2 2 . . 1 Hottest 95 | 70 90 63 95 . . 65 Shots Fired 211 | 52 69 57 32 . . 1 Gun 126 | 52 23 20 30 . . 1 Cannon 77 | . 46 29 2 . . . Launcher 8 | . . 8 . . . . Special . | . . . . . . . Kinetic 143 | 26 38 49 30 . . . Thermal 59 | 26 31 . 2 . . . Explosive 8 | . . 8 . . . . Electromagnetic 1 | . . . . . . 1 Robot Hit Streak 10 | 9 5 6 10 . . 2 Robot Miss Streak 4 | 3 3 3 4 . . . Penetration Max . | . . . . . . . Secondary Targets . | . . . . . . . Shots Hit Robots 168 | 32 35 22 23 . . 56 Core Hits 72 | 10 16 17 9 . . 20 Critical Kills . | . . . . . . . Critical Parts Destroyed 3 | 1 . . . . . 2 Critical Strikes 11 | 3 . 1 . . . 7 Burn 2 | 2 . . . . . . Destroy 1 | 1 . . . . . . Blast 1 | . . 1 . . . . Smash 2 | . . . . . . 2 Sever 5 | . . . . . . 5 Melee Attacks 70 | . . . . . . 70 Impact 15 | . . . . . . 15 Slashing 55 | . . . . . . 55 Piercing . | . . . . . . . Sneak Attacks . | . . . . . . . Combat Hostiles . | . . . . . . . Follow-up Attacks 15 | . . . . . . 15 Damage Inflicted 4654 | 369 531 804 409 . . 2541 Guns 1000 | 369 66 188 355 . . 22 Cannons 648 | . 465 129 54 . . . Explosions 487 | . . 487 . . . . Melee 2519 | . . . . . . 2519 Ramming . | . . . . . . . Kinetic 1093 | 130 291 317 355 . . . Thermal 533 | 239 240 . 54 . . . Explosive 487 | . . 487 . . . . Electromagnetic 22 | . . . . . . 22 Impact 935 | . . . . . . 935 Slashing 1584 | . . . . . . 1584 Piercing . | . . . . . . . Highest Corruption 12 | . . . . . . 12 Average Corruption 11 | . . . . . . 11 Corruption Purged . | . . . . . . . Corruption Blocked . | . . . . . . . Effects 5 | . . . . . . 5 Message Errors 1 | . . . . . . 1 Matter Fused 1 | . . . . . . 1 Heat Flow Errors 1 | . . . . . . 1 Energy Discharges 1 | . . . . . . 1 Misdirections 1 | . . . . . . 1 Overload Shots . | . . . . . . . Overflow Damage 251 | . . . . . . 251 Projectiles . | . . . . . . . Explosions . | . . . . . . . Melee 251 | . . . . . . 251 Knockbacks 4 | . 3 1 . . . . Impact . | . . . . . . . Kinetic 4 | . 3 1 . . . . Secondary . | . . . . . . . Self-Inflicted Damage 43 | . . 43 . . . . Shots 2 | . . 2 . . . . Rammed . | . . . . . . . Targets Rammed . | . . . . . . . Kicked . | . . . . . . . Crushed . | . . . . . . . Highest Temperature 433 | 270 322 5 100 . . 433 Average Temperature 96 | 111 90 3 38 . . 203 Received Heat Transfer 1770 | . 216 60 144 . . 1350 Effects 1 | . 1 . . . . . Energy Bleed 1 | . 1 . . . . . Siege Activations . | . . . . . . . Martial Activations . | . . . . . . . Shielding Activations . | . . . . . . . Robots Disrupted . | . . . . . . . Combat Hostiles . | . . . . . . . Robots Corrupted 3 | . . . . . . 3 Combat Hostiles . | . . . . . . . Parts Fried 1 | . . . . . . 1 Impact Corruptions 4 | . . . . . . 4 Robots Melted . | . . . . . . . Combat Hostiles . | . . . . . . . Parts Melted 2 | 2 . . . . . . Heat Transferred 1443 | 851 518 . 74 . . . Parts Sabotaged . | . . . . . . . Parts Stolen . | . . . . . . . Parts Stripped . | . . . . . . . Power Chain Reactions . | . . . . . . . Alert | -11 -10 -10 -7 -7 -5 -5 ------- Run | Yrd Mat Sub Rec Scr Fac Gar Maximum Alert Level 2 | . . . . . . 2 Low Security (%) 86 | 100 100 . 100 . 100 19 Level 1 10 | . . . . . . 60 Level 2 3 | . . . . . . 20 Level 3 . | . . . . . . . Level 4 . | . . . . . . . Level 5 . | . . . . . . . High Security . | . . . . . . . Max Security . | . . . . . . . Peak Influence 565 | 5 84 . 99 . . 565 Initial 99 | . . . 99 . . . Average 60 | 1 16 . 11 . . 298 Influence Increases 1419 | 30 216 315 108 . . 750 Destroy 0b10 Robot/C 660 | . 120 200 60 . . 280 Destroy 0b10 Robot/NC 75 | 30 20 . 5 . . 20 Destroy Leader 74 | . 34 10 . . . 30 Successful Hack 54 | . 12 . 42 . . . Disable Machine 15 | . 15 . . . . . Anti-Garrison Action 150 | . . . . . . 150 Destroy Structure 1 | . . . 1 . . . Lose Combat Pursuer 390 | . 15 105 . . . 270 Influence Decreases 859 | 30 140 184 315 . . 190 Entered New Map 145 | . . 37 108 . . . Time Decay 524 | 30 140 147 207 . . . Lost Part 190 | . . . . . . 190 Squads Dispatched 1 | . 1 . . . . . Investigation . | . . . . . . . Extermination . | . . . . . . . Reinforcement 1 | . 1 . . . . . Assault . | . . . . . . . Garrison . | . . . . . . . Intercept . | . . . . . . . Searches Triggered . | . . . . . . . Construction Impeded . | . . . . . . . Haulers Reinforced . | . . . . . . . Active Scanning Responses . | . . . . . . . Cargo Convoy Interrupts . | . . . . . . . Stealth | -11 -10 -10 -7 -7 -5 -5 --------- Run | Yrd Mat Sub Rec Scr Fac Gar Distress Signals 1 | . 1 . . . . . Communications Jammed . | . . . . . . . Distress Signals . | . . . . . . . Times Spotted 70 | . 13 13 3 . . 41 Peak Tracking Total 15 | . 4 4 1 . . 15 Tactical Retreats 13 | . 1 2 . . . 10 Traps | -11 -10 -10 -7 -7 -5 -5 ------- Run | Yrd Mat Sub Rec Scr Fac Gar Traps Triggered 4 | . . 1 . . . 3 Indirectly . | . . . . . . . Trap Hack Attempts . | . . . . . . . Triggered . | . . . . . . . Disarmed . | . . . . . . . Reprogrammed . | . . . . . . . Reused . | . . . . . . . Traps Extracted . | . . . . . . . Installed . | . . . . . . . Triggered . | . . . . . . . Machines | -11 -10 -10 -7 -7 -5 -5 ---------- Run | Yrd Mat Sub Rec Scr Fac Gar Machines Disabled 4 | . 1 3 . . . . Max in Single Turn 2 | . 1 2 . . . . Machines Repaired . | . . . . . . . Machines Dismantled . | . . . . . . . Machines Sabotaged . | . . . . . . . Overloaded Fab Kills . | . . . . . . . Hacking | -11 -10 -10 -7 -7 -5 -5 --------- Run | Yrd Mat Sub Rec Scr Fac Gar Machines Accessed 13 | . 2 1 7 . 2 1 Terminals 8 | . 2 . 5 . . 1 Fabricators . | . . . . . . . Repair Stations 1 | . . . . . 1 . Recycling Units . | . . . . . . . Scanalyzers . | . . . . . . . Garrison Access 1 | . . . . . 1 . Total Hacks 42 | . 8 1 28 . 3 2 Successful 29 | . 5 1 22 . 1 . Failed 13 | . 3 . 6 . 2 2 Catastrophic 2 | . . . 1 . . 1 Database Lockouts . | . . . . . . . Manual 16 | . 9 . 7 . . . Terminals 22 | . 8 . 12 . . 2 Fabricators . | . . . . . . . Repair Stations 1 | . . . . . 1 . Recycling Units . | . . . . . . . Scanalyzers . | . . . . . . . Garrison Access 2 | . . . . . 2 . Terminal Hacks 23 | . 3 1 19 . . . Record 15 | . . . 15 . . . Part Schematic 1 | . . . 1 . . . Locate Traps 1 | . 1 . . . . . Zone Layout 4 | . 2 . 2 . . . Proto ID Catalog 1 | . . 1 . . . . Release Object 1 | . . . 1 . . . Fabricator Hacks . | . . . . . . . Repair Station Hacks . | . . . . . . . Recycling Unit Hacks . | . . . . . . . Scanalyzer . | . . . . . . . Garrison Access Hacks 1 | . . . . . 1 . Unlock Access 1 | . . . . . 1 . Unauthorized Hacks 5 | . 2 . 3 . . . Terminals 5 | . 2 . 3 . . . Botnet 5 | . 2 . 3 . . . Fabricators . | . . . . . . . Repair Stations . | . . . . . . . Recycling Units . | . . . . . . . Scanalyzers . | . . . . . . . Garrison Access . | . . . . . . . Data Cores Recovered . | . . . . . . . Used . | . . . . . . . Hacking Detections 10 | . 2 . 5 . 2 1 Full Trace Events 1 | . . . . . . 1 Feedback Events . | . . . . . . . Feedback Blocked . | . . . . . . . Robot Schematics Acquired . | . . . . . . . Robots Built . | . . . . . . . Authchips . | . . . . . . . Time . | . . . . . . . Total Robot Build Rating . | . . . . . . . Part Schematics Acquired 1 | . . . 1 . . . Parts Built . | . . . . . . . Authchips . | . . . . . . . Time . | . . . . . . . Total Part Build Rating . | . . . . . . . Parts Repaired . | . . . . . . . Time . | . . . . . . . Parts Recycled . | . . . . . . . Recycled Matter . | . . . . . . . Retrieved Matter . | . . . . . . . Retrieved Components . | . . . . . . . Parts Scanalyzed . | . . . . . . . Part Schematics Acquired . | . . . . . . . Parts Damaged . | . . . . . . . Bothacking | -11 -10 -10 -7 -7 -5 -5 ------------ Run | Yrd Mat Sub Rec Scr Fac Gar Used RIF Installer . | . . . . . . . Robots Hacked . | . . . . . . . Non-combat . | . . . . . . . Combat . | . . . . . . . Robot Hacks Applied . | . . . . . . . Relay Couplers Released . | . . . . . . . Fabnet Peak Effective % . | . . . . . . . Robots Rewired . | . . . . . . . Allies Hacked . | . . . . . . . Hacks Repelled . | . . . . . . . Allies | -11 -10 -10 -7 -7 -5 -5 -------- Run | Yrd Mat Sub Rec Scr Fac Gar Total Allies . | . . . . . . . Largest Group . | . . . . . . . Highest-Rated Group . | . . . . . . . Highest-Rated Ally . | . . . . . . . Total Orders . | . . . . . . . Ally Attacks . | . . . . . . . Total Damage . | . . . . . . . Kills . | . . . . . . . Allies Corrupted . | . . . . . . . Allies Melted . | . . . . . . . Intel | -11 -10 -10 -7 -7 -5 -5 ------- Run | Yrd Mat Sub Rec Scr Fac Gar Active Infowar (turns) 433 | 34 204 . . . 71 124 Sensors 195 | . . . . . 71 124 Seismic 238 | 34 204 . . . . . Robot Analysis Total . | . . . . . . . Derelict Logs Recovered 5 | . . 3 . 2 . . Drone Launches . | . . . . . . . Drone Recoveries . | . . . . . . . Exploration | -11 -10 -10 -7 -7 -5 -5 ------------- Run | Yrd Mat Sub Rec Scr Fac Gar Turns Passed 6284 | 168 453 947 1379 2826 80 431 Spaces Moved 3952 | 91 333 890 848 1447 73 270 Core 73 | 19 . . . 50 . 4 Treads 782 | . . . 769 13 . . Legs 1290 | . . . . 1290 . . Wheels 1803 | 72 333 890 79 94 73 262 Hover . | . . . . . . . Flight 4 | . . . . . . 4 Fastest Speed 35 | 50 80 90 90 80 80 35 Average Speed 138 | 85 87 90 144 192 89 88 Slowest Speed 600 | 100 90 90 152 600 90 400 Overloaded Moves . | . . . . . . . Propulsion Burnouts . | . . . . . . . Robots Hopped 1 | . . . . . . 1 Potential Cave-ins . | . . . . . . . Cave-ins Triggered . | . . . . . . . Exploration Rate (%) 47 | 5 58 45 95 91 3 38 Regions Visited 6 Branch Regions 3 Pre-discovered Areas 1 | . . . . 1 . . Known Exits Taken 1 | . . . . . 1 . Unknown Exits Taken 5 | 1 1 1 1 1 . . Scrap Searched 8 | . . 4 . 4 . . Spaces Dug . | . . . . . . . Terrain Destroyed 41 | . . 41 . . . . Melee . | . . . . . . . Projectile 1 | . . 1 . . . . AOE 40 | . . 40 . . . . Terrain Rammed . | . . . . . . . Walls Destroyed . | . . . . . . . Machines Disabled . | . . . . . . . Actions | -11 -10 -10 -7 -7 -5 -5 --------- Run | Yrd Mat Sub Rec Scr Fac Gar Total 4500 | 132 432 980 978 1507 87 384 Wait 162 | . 26 25 71 20 . 20 Move 3942 | 90 332 889 847 1446 73 265 Hop 1 | . . . . . . 1 Pick Up 77 | 8 14 11 13 14 4 13 Fast Attach 11 | 3 1 . 5 1 . 1 Attach 30 | 4 . . 2 5 10 9 Detach . | . . . . . . . Swap 26 | 1 9 6 7 1 . 2 Drop 64 | . 12 12 17 20 . 3 Fire 118 | 26 38 37 16 . . 1 Melee 53 | . . . . . . 53 Ram . | . . . . . . . Kick . | . . . . . . . Crush . | . . . . . . . Escape Stasis 16 | . . . . . . 16 Rewire . | . . . . . . . Trap . | . . . . . . . Miscellaneous . | . . . . . . . Route ------- -11/Scrapyard -10/Materials (discovered 2 exits: [*Min] / *Sub) -10/Subcaves -7/Recycling (discovered 2 exits: *Fac / *Scr) -7/Scraptown (discovered 2 exits: *Fac x2) -5/Factory -5/Garrison (discovered 1 exit: [*Fac]) History --------- Turn | Location | Event 9 | -11/Scrapyard | Discovered new exit (range 15) 169 | -11/Scrapyard | Entered Materials 346 | -10/Materials | Build established: Mutant 486 | -10/Materials | Discovered new exit (range 16) 592 | -10/Materials | Discovered new exit (range 5) 622 | -10/Materials | Entered Subcaves 623 | -10/Subcaves | Approached by a straggling Scientist 789 | -10/Subcaves | Learned Materials security intel 934 | -10/Subcaves | Learned Materials non-interactive machine intel 973 | -10/Subcaves | Learned Materials stockpile data 1129 | -10/Subcaves | Visited 4L-MR0's lab 1160 | -10/Subcaves | Found Tower Shield 1513 | -10/Subcaves | Core integrity fell below 50% 1522 | -10/Subcaves | Discovered new exit (range 14) 1569 | -10/Subcaves | Entered Recycling 1851 | -7/Recycling | Scanned before Scraplab entrance 2245 | -7/Recycling | Discovered new exit (range 6) 2802 | -7/Recycling | Core integrity fell below 20% 2931 | -7/Recycling | Entered Scraplab 2944 | -7/Recycling | Discovered new exit (range 4) 2948 | -7/Recycling | Entered Scraptown 3367 | -7/Scraptown | Discovered new exit (range 9) 3472 | -7/Scraptown | Scanned Subdweller tech in exchange for log data 3479 | -7/Scraptown | Learned location of Testing (-3) 3542 | -7/Scraptown | Visited CPS Storage 3559 | -7/Scraptown | Visited SPCMW 3673 | -7/Scraptown | Heard Great Nut preacher, LISTEN AND RECITE! 3818 | -7/Scraptown | Visited Shadow of the Wyrm 3833 | -7/Scraptown | Visited TADAMA 3872 | -7/Scraptown | Visited The Evicted 3959 | -7/Scraptown | Visited Fellowship of the Rings 4016 | -7/Scraptown | Visited Assassins FH 4086 | -7/Scraptown | Visited UFD Registry 4086 | -7/Scraptown | Registered with UFD as "Biochip" 4244 | -7/Scraptown | Visited Chapter 10 4301 | -7/Scraptown | Visited Derelict Rescue Squad 4554 | -7/Scraptown | Visited LU-1G1's Boring Crew 4638 | -7/Scraptown | Visited Infowarlord's Domain 4653 | -7/Scraptown | Found Exp. Sensor Array 4691 | -7/Scraptown | Visited Observation Area 4756 | -7/Scraptown | Visited Modified Component R&D 4841 | -7/Scraptown | Visited Scrap Suit Storage 4896 | -7/Scraptown | Visited Scrapoid Research Area 4937 | -7/Scraptown | Visited Curators Association 5210 | -7/Scraptown | Found Scrap Suit 5762 | -7/Scraptown | Discovered new exit (range 3) 5774 | -7/Scraptown | Entered Factory 5774 | -5/Factory | Evolved 10 slots: Propulsion x1, Utility x8, Weapon x1 5779 | -5/Factory | Attached Tower Shield, gained temporary slots: Power, Propulsion x2, Utility x2, Weapon x2 5854 | -5/Factory | Identified exit to Garrison 5854 | -5/Factory | Entered Garrison 5866 | -5/Garrison | Triggered checkpoint 6036 | -5/Garrison | Triggered checkpoint 6110 | -5/Garrison | Assembled breached garrison interior 6137 | -5/Garrison | Spotted B-75 Beast 6184 | -5/Garrison | System corruption reached 10% 6238 | -5/Garrison | Core integrity fell below 50% 6238 | -5/Garrison | Discovered new exit (range 13) 6248 | -5/Garrison | Attempted to access garrison exit controls, blocked by remote lockdown 6278 | -5/Garrison | Core integrity fell below 20% 6285 | -5/Garrison | Destroyed by B-75 Beast with Heavy Plasma Cannon Last Messages --------------- 06240_ S-27 Virus destroyed. 06245_ System corrupted: Matter fused (-7). 06248_ Attempting to access garrison exit controls... 06248_ Remote lockdown engaged. 06258_ S-27 Virus destroyed. 06260_ Arm. Wheel destroyed. 06263_ S-27 Virus destroyed. 06266_ ONIXOJNKQWL88E=RMGQ1 NLL1PUA2YLB1WS :PLI 06266_ S-27 Virus destroyed. 06272_ Ovr. Huge Scrapsphere repairs itself (+5). 06272_ Acquired 13 matter. 06275_ Lgt. Angular Momentum Engine destroyed. 06279_ Ovr. Huge Scrapsphere destroyed. 06279_ Dropped Lrg. Storage Unit. 06280_ Dropped Great Axe. 06282_ Critical hit (Burn: +37). 06282_ Acquired VTOL Module. 06283_ Acquired 2 matter. Map ----- +----------------------------------------------------+ | | | | | | | | | | | | | | | | | | | | | | | | | ?????????????????????????????????????????????????? | | ?????????????????????????????????????????????????? | | ?????????????????????????????????????????????????? | | ?????????????????????????????????????????????????? | | ?????????????????????????????????????????????????? | | ?????????????????????????????????????????????????? | | ?????????????????????????????????????????????????? | | ?????????????????????????????????????????????????? | | ????????????????????????#######??????????????????? | | ????????????????????????#=[*%=#??????????????????? | | ????????????????????????#/g%<=#??????????????????? | | ????????????????????????# g ![#??????????????????? | | ????????????????????????# g!###??????????????????? | | ?????????????? ???????#@g #????????????????????? | | ??????????????? [ ??????# g #????????????????????? | | ????????????? ?? ?????# Y #????????????????????? | | ????????????? !*? ????# #????????????????????? | | ????????????# = ???# #????????????????????? | | ????????????# ??# #????????????????????? | | ????????????#! ## #######??????????????? | | ????????????# ! ???????? | | ????????????# ## #######??????????????? | | ?????????????#########??# =#??##????????????????? | | ????????????????????????# *%###T###??????????????? | | ????????????????????????#BB= #??????????????? | | ????????????????????????#BB #??????????????? | | ????????????????????????# #### #??????????????? | | ????????????????????????# #??? #??????????????? | | ????????????????????????# #???? ?????????????? | | ????????????????????????# #????? #????????????? | | ????????????????????????# #?????? #????????????? | | ????????????????????????# #??????##????????????? | | ????????????????????????# #????????????????????? | | ????????????????????????# #????????????????????? | | ????????????????????????# #????????????????????? | | ????????????????????????# #????????????????????? | | ????????????????????????# #????????????????????? | | ????????????????????????# #????????????????????? | +----------------------------------------------------+ Best States ------------- Heat Dissipation 40 Energy Generation 18 Energy Capacity 290 Matter Stores 300 Matter Capacity 300 Sight Range 16 Robot Scan Range 20 Terrain Scan Density 10 Armor Coverage 2600 Resistance: KI 30 Resistance: TH 25 Evasion (%) 50 Melee Accuracy 11 Core Analysis 6 Recoil Reduction 2 Offensive Hacking 10 Authchip Count 1 Item Schematics ----------------- Adv. Hacking Suite | -7/Recycling | Hacked Robot Schematics ------------------ None Fabricated ------------ Nothing Repaired ---------- Nothing Alien Tech Used ----------------- None Achievements -------------- None Challenges ------------ None Game ------ Seed AmuletReflectiveTrap Manual? 0 Play Time 00:53:07 Cumulative 75.4 hours Start 2025.05.27 @ 12:13:14 End 2025.05.27 @ 13:06:45 Sessions 1 Manual Loads 0 Difficulty Rogue Special Mode None Game No. 53 Rogue 53 Adventurer 0 Explorer 0 Win Type - Total 0 Types 0/0/0/0/0/0/0/0/0/0 Lore% 55 Gallery% 43 Achievement% 39 Wizard Run 0 Options --------- Layout 1 ASCII 0 Keyboard 0 Movement Mouse Keybinds 0 Fullscreen 1 Font 24/Smallcaps Map View 50x35 Zoom Use 0% Tactical HUD 1 Map Filters NONE Filters NONE Steam 1 RUN: 46e552f9-4312-40a4-b8a5-00ecd97b6ac2